 Dungeon Crawl Stone Soup version 0.29.1-2-gbd0b4ee654 (webtiles) character file.

Game seed: 11418098550885533081

3980 Starlo the Cleaver (level 10, -1/86 HPs)
             Began as a Minotaur Fighter on Nov 13, 2022.
             Was an Elder of Okawaru.
             Slain by a killer bee (4 damage)
             ... on level 9 of the Dungeon.
             The game lasted 00:15:36 (8460 turns).

Starlo the Cleaver (Minotaur Fighter)               Turns: 8460, Time: 00:15:36

Health: -1/86      AC:  0    Str: 24    XL:     10   Next: 2%
Magic:  9/9        EV: 13    Int:  5    God:    Okawaru [****..]
Gold:   507        SH:  0    Dex: 11    Spells: 9/9 levels left

rFire   . . .      SeeInvis .   (weapon currently unavailable)
rCold   . . .      Faith    .   (shield currently unavailable)
rNeg    . . .      Spirit   .   (body armour currently unavailable)
rPois   .          Reflect  .   (helmet currently unavailable)
rElec   .          Harm     .   (cloak currently unavailable)
rCorr   .          Rampage  .   (gloves currently unavailable)
Will    .....                   (boots currently unavailable)
Stlth   +.........              N - amulet of the acrobat
HPRegen 0.24/turn               (ring currently unavailable)
MPRegen 0.11/turn               (ring currently unavailable)

@: lethally poisoned (-1 -> -9), pig-form, very quick
A: fast, no casting, small, (horns 2), (retaliatory headbutt)
a: Renounce Religion, Heroism, Finesse


You were on level 9 of the Dungeon.
You worshipped Okawaru.
Okawaru was greatly pleased with you.
You were a filthy swine.
You visited 1 branch of the dungeon, and saw 9 of its levels.

You collected 507 gold pieces.

Inventory:

Hand Weapons
 a - a +1 war axe of flaming
 o - the +7 short sword of Puosh (melded) {vorpal, rElec rN+ rCorr Int+2}
   (You found it on level 2 of the Dungeon)

   It inflicts extra damage upon your enemies.
   Int:       It affects your intelligence (+2).
   rElec:     It insulates you from electricity.
   rN:        It protects you from negative energy.
   rCorr:     It protects you from acid and corrosion.
Missiles
 b - a throwing net (quivered)
Armour
 c - a +0 buckler (melded)
 D - a +0 pair of boots (melded)
 E - a +0 plate armour (melded)
 H - a +0 chain mail of positive energy
 L - a scarf of repulsion (melded)
 O - a +2 pair of gloves (melded)
Jewellery
 k - a +6 ring of strength (melded)
 N - an amulet of the acrobat (around neck)
Wands
 y - a wand of flame (21)
 I - a wand of paralysis (11)
Scrolls
 f - 3 scrolls of enchant weapon
 g - a scroll of poison {unknown}
 h - 2 scrolls of noise
 i - 3 scrolls of fear
 m - 2 scrolls of brand weapon
 n - 4 scrolls of teleportation
 s - 2 scrolls of vulnerability
 x - a scroll of immolation
 B - 2 scrolls of enchant armour
 C - a scroll of blinking {unknown}
 F - a scroll of fog
 M - 3 scrolls of magic mapping
Potions
 d - a potion of might
 e - 2 potions of ambrosia
 j - 4 potions of curing
 l - 3 potions of resistance
 q - a potion of heal wounds
 r - 2 potions of berserk rage
 u - 3 potions of lignification
 v - 2 potions of magic
 w - a potion of cancellation
 z - a potion of brilliance
 A - a potion of flight
 G - 2 potions of mutation
 J - a potion of attraction {unknown}


   Skills:
 + Level 7.6 Fighting
 * Level 8.2 Short Blades
 * Level 9.6 Axes
 + Level 7.5 Armour
 + Level 7.5 Shields


You had 9 spell levels left.
You didn't know any spells.
Your spell library contained the following spells:

 Spells                   Type           Power      Damage    Failure   Level
 Sandblast                Erth           0%         2d4       47%         1
 Passwall                 Tmut/Erth      0%         N/A       63%         2
 Stone Arrow              Conj/Erth      0%         3d7       85%         3


Dungeon Overview and Level Annotations

Branches:
Dungeon (9/15)             Temple (0/1) D:5
   Lair: D:8-11         Orc: D:9-12

Altars:
Okawaru
Uskayaw

Annotations:
D:8 Maurice


Innate Abilities, Weirdness & Mutations

You are a filthy swine.
You move quickly.
Your equipment is almost entirely melded.
You are incapable of wielding weapons or throwing items.
You cannot cast spells.
((You have a pair of horns on your head.))
((You reflexively headbutt those who attack you in melee.))


Message History

The killer bee is heavily wounded.
The killer bee stings you.
You are poisoned.
The killer bee poisons you! The killer bee closely misses you.
You barely miss the killer bee.
The killer bee is heavily wounded.
You feel sick. The killer bee stings you!
You miss the killer bee.
The killer bee is moderately wounded.
You feel sick. The killer bee stings you.
You are more poisoned.
The killer bee poisons you! The killer bee closely misses you.
You bite the killer bee!
The killer bee is almost dead.
You feel very sick. The killer bee stings you. The killer bee stings you!
You closely miss the killer bee.
The killer bee is almost dead.
You feel sick. The killer bee stings you.
You are more poisoned.
The killer bee poisons you!
You closely miss the killer bee.
The killer bee is severely wounded.
You feel very sick. The killer bee misses you. The killer bee stings you.
You miss the killer bee.
The killer bee is severely wounded.
You feel very sick. The killer bee closely misses you.
The killer bee stings you!
* * * LOW HITPOINT WARNING * * *
You miss the killer bee.
The killer bee is severely wounded.
You feel sick. The killer bee stings you!
* * * LOW HITPOINT WARNING * * *
The killer bee buzzes angrily.
You hit the killer bee.
The killer bee is almost dead.
* * * LOW HITPOINT WARNING * * *
You feel sick. The killer bee stings you.
You die...

###### #....
#.#.. #.#.# #.#.#
####.#.#
####......##
#..........##
#....[....yh#
#...........#
#...........#
#..........##
#.........##
#.#.......#####.
........y........
##.#.......##.##.
.......>.......


You could see 2 killer bees.

Vanquished Creatures
  Pikel (D:7)
  Joseph (D:6)
  Grinder (D:3)
  A wyvern (D:8)
  A steam dragon (D:8)
  An acid dragon (D:9)
  A water moccasin (D:6)
  Duvessa (D:7)
  2 ice beasts
  2 orc warriors (D:6)
  2 black bears
  2 centaurs
  2 phantoms
  A kobold brigand (D:7)
  4 lemures
  2 bullfrogs
  3 necrophages
  2 scorpions
  7 killer bees
  Dowan (D:7)
  A crimson imp (D:5)
  A jelly (D:3)
  2 hounds (D:6)
  5 orc priests
  5 iguanas
  Crazy Yiuf (D:3)
  4 orc wizards
  Robin (D:2)
  6 adders
  3 white imps
  A worm (D:2)
  A dart slug (D:4)
  25 orcs
  8 ball pythons
  10 endoplasms
  2 giant cockroaches
  15 goblins
  9 hobgoblins
  4 jackals (D:4)
  4 bats
  2 frilled lizards
  14 kobolds
  2 rats (D:1)
164 creatures vanquished.

Notes
Turn   | Place    | Note
-------+----------+-------------------------------------------
     0 | D:1      | Starlo the Minotaur Fighter began the quest for the Orb.
     0 | D:1      | Reached XP level 1. HP: 19/19 MP: 0/0
    94 | D:1      | Reached XP level 2. HP: 23/27 MP: 1/1
   160 | D:1      | Found a faded altar of an unknown god.
   160 | D:1      | Noticed a floating eye
   163 | D:1      | Noticed a floating eye
   163 | D:1      | Noticed an eye of devastation
   163 | D:1      | Noticed a great orb of eyes
   281 | D:1      | Reached skill level 3 in Axes
   798 | D:2      | Identified the +7 short sword of Puosh {vorpal, rElec rN+
                  | rCorr Int+2}
   864 | D:2      | Reached XP level 3. HP: 33/33 MP: 2/2
   979 | D:2      | Noticed Robin
  1336 | D:1      | Reached skill level 1 in Short Blades
  1362 | D:2      | Killed Robin
  1421 | D:2      | Found an iron altar of Okawaru.
  1430 | D:2      | Became a worshipper of Warmaster Okawaru
  1645 | D:2      | Reached XP level 4. HP: 38/40 MP: 3/3
  1727 | D:3      | Noticed a necrophage
  1736 | D:3      | Killed a necrophage
  1737 | D:3      | Reached skill level 4 in Axes
  1828 | D:3      | Reached XP level 5. HP: 46/46 MP: 4/4
  1836 | D:3      | Noticed Grinder
  1851 | D:3      | Killed Grinder
  1851 | D:3      | Reached * piety under Okawaru
  1852 | D:3      | Reached XP level 6. HP: 46/53 MP: 5/5
  2694 | D:3      | Found a runed translucent door.
  2695 | D:3      | Noticed Crazy Yiuf
  2814 | D:3      | Killed Crazy Yiuf
  2815 | D:3      | Reached skill level 5 in Axes
  2880 | D:4      | Reached skill level 5 in Fighting
  2952 | D:4      | Reached skill level 5 in Armour
  2952 | D:4      | Reached skill level 5 in Shields
  2952 | D:4      | Reached XP level 7. HP: 61/61 MP: 6/6
  3620 | D:4      | Found a hide-covered altar of Uskayaw.
  3704 | D:5      | Entered Level 5 of the Dungeon
  4104 | D:5      | Found a staircase to the Ecumenical Temple.
  4159 | D:5      | Reached ** piety under Okawaru
  4363 | D:5      | Reached skill level 6 in Axes
  4662 | D:6      | Reached XP level 8. HP: 52/69 MP: 7/7
  4781 | D:6      | Reached skill level 5 in Short Blades
  5256 | D:6      | Reached skill level 7 in Axes
  5299 | D:6      | HP: 2/70 [orc warrior/+0 trident (11)]
  5308 | D:6      | Reached *** piety under Okawaru
  6086 | D:7      | Noticed Pikel
  6127 | D:7      | Noticed Joseph
  6142 | D:6      | Killed Joseph
  6143 | D:6      | Reached skill level 8 in Axes
  6143 | D:6      | Reached XP level 9. HP: 48/78 MP: 8/8
  6290 | D:7      | Noticed Duvessa
  6290 | D:7      | Noticed Dowan
  6306 | D:7      | Killed Duvessa
  6310 | D:7      | Killed Dowan
  6849 | D:7      | Paralysed by Pikel for 4 turns
  6854 | D:7      | Paralysed by Pikel for 3 turns
  6860 | D:7      | Killed Pikel
  6860 | D:7      | Reached **** piety under Okawaru
  6861 | D:7      | Reached skill level 9 in Axes
  8151 | D:9      | Noticed Maurice
  8179 | D:9      | Reached XP level 10. HP: 57/86 MP: 9/9
  8460 | D:9      | HP: 3/86 [poisoned by a killer bee]
  8460 | D:9      | Slain by a killer bee

Illustrated notes

Levels and vault maps discovered:
D:1:      scummos_arrival_simple_crosswalls, layout_basic,
          hellmonk_ecumenical_altar_watching_god
D:2:      layout_basic, basic_altar, uniq_robin
D:3:      layout_loops_corners, uniq_grinder, uniq_crazy_yiuf_cottage
D:4:      layout_loops_ring, nicolae_uskayaw_suspiria,
          nicolae_concentric_dashed_squares_mild
D:5:      layout_basic, minmay_temple_entry_overgrown, minmay_fire_ice_demons
D:6:      layout_gridville
D:7:      layout_basic, minmay_misc_feat_more_columns, uniq_duvessa, uniq_pikel,
          uniq_joseph
D:8:      layout_basic
D:9:      layout_loops_ring, uniq_maurice

Skill      XL: |  1  2  3  4  5  6  7  8  9 |
---------------+----------------------------+-----
Axes           | 3 4 5 6 8 9 |  9.6
Shields        | 4 5 6 7 |  7.5
Armour         | 4 5 6 7 |  7.5
Fighting       | 4 5 6 7 |  7.6
Short Blades   | 1 2 3 4 6 8 |  8.2

Action                   |  1- 3 |  4- 6 |  7- 9 | 10-12 || total
-------------------------+-------+-------+-------+-------++-------
Melee: War axe           |    35 |       |       |       ||    35
       Headbutt          |     6 |    15 |    54 |       ||    75
       Short sword       |    47 |    56 |   328 |     7 ||   438
       Unarmed           |       |       |       |    12 ||    12
Evoke: Wand              |       |       |     9 |       ||     9
  Use: Scroll            |     5 |     5 |    12 |       ||    22
       Potion            |       |       |     1 |       ||     1
Armor: Scale mail        |    64 |    22 |    14 |       ||   100
       Plate armour      |       |       |   130 |    10 ||   140
Dodge: Dodged            |    46 |    10 |   110 |    20 ||   186
       Repelled          |       |       |     1 |       ||     1
Block: Buckler           |    21 |     7 |    64 |     4 ||    96
